 Dungeon Crawl Stone Soup version 0.28-a0-653-g7e9dba17c3 (webtiles) character file.

Game seed: 12138620511125641255

864 mordus the Magician (level 8, 0/56 HPs)
             Began as a Djinni Conjurer on Oct 11, 2021.
             Was an Initiate of Makhleb.
             Slain by a water moccasin zombie (3 damage)
             ... on level 5 of the Dungeon.
             The game lasted 00:18:11 (5573 turns).

mordus the Magician (Djinni Conjurer)               Turns: 5573, Time: 00:18:12

Health: 0/56       AC:  7    Str:  6    XL:     8   Next: 23%
Gold:   139        EV: 12    Int: 23    God:    Makhleb [......] SH:  0 Dex: 11

rFire   + + .      SeeInvis .   k - +4 quarterstaff (chaos)
rCold   . . .      Faith    .   (shield currently unavailable)
rNeg    . . .      Spirit   .   m - +2 leather armour {rC+}
rPois   ∞          Reflect  .   c - +0 helmet
rElec   .          Harm     .   l - +0 cloak
rCorr   .          Rampage  .   (no gloves)
Will    .....                   (boots unavailable)
Stlth   +.........              (no amulet)
HPRegen 0.18/turn               (no ring)
MPRegen 0.00/turn               (no ring)

@: mighty, flying
A: sickness immunity, fire resistance 2, cold vulnerability 1, float, innate
caster, hp casting, extra vitality 1
a: Renounce Religion


You were on level 5 of the Dungeon.
You worshipped Makhleb.
Makhleb was noncommittal.
You visited 2 branches of the dungeon, and saw 6 of its levels.

You collected 139 gold pieces.

Inventory:

Hand Weapons
 i - a +0 quarterstaff
 k - a +4 quarterstaff of chaos (weapon)
 n - a +2 whip of venom
Armour
 a - a +0 robe
 c - a +0 helmet (worn)
 f - +0 steam dragon scales
 l - a +0 cloak (worn)
 m - a +2 leather armour of cold resistance (worn)
Scrolls
 d - a scroll of magic mapping {unknown}
 e - 3 scrolls of identify
 g - a scroll of fear
 s - a scroll of enchant weapon
Potions
 o - a potion of mutation {unknown}


   Skills:
 + Level 3.4 Fighting
 + Level 2.8 Staves
 + Level 2.4 Armour
 + Level 4.5 Dodging
 - Level 1.5 Stealth
 * Level 5.3 Spellcasting


You couldn't memorise any spells.
You knew the following spells:

 Your Spells              Type           Power      Damage    Failure   Level
a - Magic Dart            Conj           100%       1d8       1%          1
b - Searing Ray           Conj           60%        2d6       2%          2
c - Dazzling Flash        Conj/Hex       60%        N/A       4%          3
d - Fulminant Prism       Conj/Hex       15%        3d11      16%         4
e - Iskenderun's Mystic   Conj/Tloc      30%        2d8       16%         4
f - Beastly Appendage     Tmut           60%        N/A       1%          1
g - Scorch                Fire           60%        2d8       2%          2
h - Mephitic Cloud        Conj/Pois/Air  30%        N/A       4%          3
Your spell library was empty.

Dungeon Overview and Level Annotations

Branches:
Dungeon (5/15)             Temple (1/1) D:4

Altars:
Ashenzari
Cheibriados
Dithmenos
Elyvilon
Gozag
Hepliaklqana
Kikubaaqudgha
Makhleb
Nemelex Xobeh
Okawaru
Qazlal
Ru
Sif Muna
Trog
Uskayaw
Vehumet
Wu Jian
Xom
Yredelemnul
Zin
The Shining One


Innate Abilities, Weirdness & Mutations

You are immune to sickness and miasma.
You are immune to poison.
Your flesh is very heat resistant. (rF++)
You are vulnerable to cold. (rC-)
You float through the air rather than walking.
You learn spells naturally, not from books.
Your magical power is your life essence.
You have superior vitality. (+4 HP)


Message History

Found a stone staircase leading down.
Found 22 stones.
Found a scroll labelled CIG IMY ZIFUO.
A water moccasin zombie comes into view.
The water moccasin zombie bites you.
* * * LOW HITPOINT WARNING * * *
You see here 22 stones.
Casting: Searing Ray (safe; 2% risk of failure)
Confirm with . or Enter, or press ? or * to list all spells.
Aiming: Searing Ray (safe; 2% risk of failure)
Press: ? - help, Shift-Dir - straight line, f - water moccasin zombie
Aim: a water moccasin zombie (79% to hit)
The searing ray hits the water moccasin zombie.
The water moccasin zombie is lightly damaged. (Press . to maintain the ray.)
* * * LOW HITPOINT WARNING * * *
The water moccasin zombie barely misses you.
The searing ray misses the water moccasin zombie.
* * * LOW HITPOINT WARNING * * *
The water moccasin zombie misses you.
The searing ray misses the water moccasin zombie.
* * * LOW HITPOINT WARNING * * *
The water moccasin zombie barely misses you.
The water moccasin zombie bites you.
* * * LOW HITPOINT WARNING * * *
The searing ray hits the water moccasin zombie!
The water moccasin zombie is moderately damaged.
* * * LOW HITPOINT WARNING * * *
You finish channelling your searing ray.
The water moccasin zombie closely misses you.
It was a potion of might.
You feel very mighty all of a sudden.
The water moccasin zombie bites you but does no damage.
Casting: Searing Ray (safe; 2% risk of failure)
Confirm with . or Enter, or press ? or * to list all spells.
Okay, then.
You hit the water moccasin zombie.
The water moccasin zombie convulses.
The water moccasin zombie is heavily damaged.
The water moccasin zombie bites you.
You die...

#......#...#..#
#..###.#..†.#†#.## #.
#..# #.#....#.#. #..
#..# #.#....#... #..
#..# #.#....#...
#...#..# #.#.........
#...#..###.##.#.......
+......................
#.@# ##...... #.Z# #...
##.## ...?. #..##.....
#..#......
##########.........
#..................
#...........#......
#............#.....


You could see a water moccasin zombie.

Vanquished Creatures
  Grinder (D:4)
  A steam dragon (D:5)
  A scorpion (D:5)
  A water moccasin skeleton (D:4)
  2 hounds
  An orc priest (D:3)
  A centaur skeleton (D:5)
  Crazy Yiuf (D:3)
  6 iguanas
  4 gnolls (D:3)
  2 adders
  An adder skeleton (D:4)
  A dart slug (D:1)
  4 orcs (D:3)
  7 ball pythons
  3 endoplasms
  2 giant cockroaches
  9 goblins
  6 hobgoblins
  6 jackals
  4 kobolds
  4 quokkas
  8 bats
  4 frilled lizards
  2 rats
82 creatures vanquished.

Vanquished Creatures (others)
  A fulminant prism (D:3)
1 creature vanquished.

Grand Total: 83 creatures vanquished

Notes
Turn   | Place    | Note
-------+----------+-------------------------------------------
     0 | D:1      | mordus the Djinni Conjurer began the quest for the Orb.
     0 | D:1      | Reached XP level 1. HP: 15/15 MP: 0/0
   389 | D:1      | Found a faded altar of an unknown god.
   395 | D:1      | Reached XP level 2. HP: 18/22 MP: 0/0
   927 | D:1      | Reached XP level 3. HP: 23/26 MP: 0/0
   927 | D:1      | Learned a level 1 spell: Beastly Appendage
   976 | D:1      | Reached skill level 1 in Fighting
  2026 | D:3      | Reached XP level 4. HP: 30/32 MP: 0/0
  2370 | D:3      | Found a runed translucent door.
  2371 | D:3      | Noticed Crazy Yiuf
  2382 | D:3      | Killed Crazy Yiuf
  2383 | D:3      | Reached skill level 1 in Staves
  2383 | D:3      | Reached skill level 4 in Spellcasting
  2383 | D:3      | Reached XP level 5. HP: 18/38 MP: 0/0
  2383 | D:3      | Learned a level 2 spell: Scorch
  3524 | D:4      | Reached XP level 6. HP: 23/43 MP: 0/0
  4075 | D:4      | Found a staircase to the Ecumenical Temple.
  4080 | Temple   | Entered the Ecumenical Temple
  4178 | Temple   | Became a worshipper of Makhleb the Destroyer
  4393 | D:4      | Noticed Grinder
  4404 | D:4      | Paralysed by Grinder for 6 turns
  4405 | D:4      | Reached skill level 1 in Armour
  4655 | D:4      | Killed Grinder
  4656 | D:4      | Reached XP level 7. HP: 28/49 MP: 0/0
  4656 | D:4      | Learned a level 3 spell: Mephitic Cloud
  5216 | D:5      | Entered Level 5 of the Dungeon
  5309 | D:5      | Reached skill level 5 in Spellcasting
  5502 | D:5      | Reached XP level 8. HP: 19/56 MP: 0/0
  5573 | D:5      | Slain by a water moccasin zombie

Illustrated notes

Levels and vault maps discovered:
D:1:      dpeg_arrival_pond, layout_loops_cross,
          dreamdust_ecumenical_altar_statues
D:2:      layout_basic
D:3:      layout_loops_ring, uniq_crazy_yiuf_cottage
D:4:      layout_loops_ring, minmay_temple_entry_nine_rooms, chequers_garden,
          uniq_grinder
D:5:      layout_basic, nrook_pool_corridor, uniq_eustachio
Temple:   compressed_dpeg_triangle_lava_temple

Skill      XL: |  1  2  3  4  5  6  7 |
---------------+----------------------+-----
Fighting       | 1 2 3 |  3.4
Dodging        | 3 4 |  4.5
Staves         | 1 2 |  2.8
Spellcasting   | 4 5 |  5.3
Armour         | 1 2 |  2.4
Stealth        | |  1.5

Action                   |  1- 3 |  4- 6 |  7- 9 || total
-------------------------+-------+-------+-------++-------
Melee: Unarmed           |     1 |       |       ||     1
       Quarterstaff      |       |     8 |     3 ||    11
 Cast: Magic Dart        |    65 |    26 |     6 ||    97
       Searing Ray       |     5 |    22 |    11 ||    38
       Fulminant Prism   |       |     1 |       ||     1
       Iskenderun's Myst |       |     2 |     3 ||     5
       Scorch            |       |     2 |       ||     2
       Mephitic Cloud    |       |       |     2 ||     2
  Use: Scroll            |       |       |    10 ||    10
       Potion            |       |       |     1 ||     1
Armor: Robe              |     4 |       |       ||     4
       Leather armour    |       |     3 |     5 ||     8
Dodge: Dodged            |     5 |    18 |    14 ||    37

Table legend: (Time is in decaauts)
 A = Elapsed time spent in this place.
 B = Non-inter-level travel time spent in this place.
 C = Inter-level travel time spent in this place.
 D = Time resting spent in this place.
 E = Time spent auto-exploring this place.
 F = Levels seen in this place.
 G = Mean time per level.
                   A        B        C        D        E       F      G
               +--------+--------+--------+--------+--------+-----+--------+
         Total |   5573 |   5455 |    118 |    994 |   3828 |   6 |  928.8 |
       Dungeon |   5355 |   5237 |    118 |    994 |   3663 |   5 | 1071.0 |
        Temple |    217 |    217 |      0 |      0 |    165 |   1 |  217.0 |
               +--------+--------+--------+--------+--------+-----+--------+

Top non-repeatable levels by time:
     D:3: 1743 daAuts
     D:1: 1437 daAuts
     D:4: 1270 daAuts
     D:2: 548 daAuts
     D:5: 357 daAuts
  Temple: 217 daAuts
